 Dungeon Crawl Stone Soup version 0.29-a0-845-g6161e89988 (webtiles) character file.

Game seed: 11157025260398643839

3496 flyleaff the Protected (level 9, -3/69 HPs)
             Began as a Palentonga Fighter on July 16, 2022.
             Was a Priest of Hepliaklqana.
             Slain by an orc warrior
             ... wielding a +0 hand axe
              (9 damage)
             ... on level 8 of the Dungeon.
             The game lasted 00:19:19 (7370 turns).

flyleaff the Protected (Palentonga Fighter)         Turns: 7370, Time: 00:19:19

Health: -3/69      AC: 24    Str: 24    XL:     9   Next: 80%
Magic:  17/18      EV:  6    Int: 11    God:    Hepliaklqana [***...]
Gold:   74         SH:  4    Dex: 10    Spells: 8/8 levels left

rFire   + + +      SeeInvis +   u - +6 hand axe (vamp)
rCold   . . .      Faith    .   c - +0 buckler
rNeg    . . .      Spirit   .   q - +1 chain mail of Efiomun {Harm rF++ Will- Str+3}
rPois   .          Reflect  .   d - +2 helmet
rElec   .          Harm     +   (no cloak)
rCorr   .          Rampage  .   i - +2 pair of gloves
Will    .....                   (no barding)
Stlth   ..........              (no amulet)
HPRegen 0.21/turn               o - ring of protection from fire
MPRegen 0.16/turn               v - ring of magical power

@: curled up
A: reduced essence, large, rugged brown scales 3, see invisible, deformed body,
roll 1, armoured tail, reflexive curl
a: Rolling Charge, Renounce Religion, Recall Ancestor, Ancestor Identity,
Transference


You were on level 8 of the Dungeon.
You worshipped Hepliaklqana.
Hepliaklqana was most pleased with you.
You visited 1 branch of the dungeon, and saw 8 of its levels.

You collected 573 gold pieces.
You spent 499 gold pieces at shops.

Inventory:

Hand Weapons
 a - a +0 flail
 l - the +4 dagger "Morg" {pain, Will+ Int+5}
   (You found it on level 7 of the Dungeon)

   In the hands of one skilled in necromantic magic, it inflicts extra damage on
   living creatures.
   Int:       It affects your intelligence (+5).
   Will:      It increases your willpower.
 r - a +3 flail
 u - a +6 vampiric hand axe (weapon)
Missiles
 k - 4 atropa-tipped darts
 m - 11 poisoned darts (quivered)
Armour
 b - a +0 scale mail
 c - a +0 buckler (worn)
 d - a +2 helmet (worn)
 i - a +2 pair of gloves (worn)
 q - the +1 chain mail of Efiomun (worn) {Harm rF++ Will- Str+3}
   (You found it on level 3 of the Dungeon)

   Str:       It affects your strength (+3).
   rF:        It greatly protects you from fire.
   Harm:      It increases damage dealt and taken.
   Will:      It decreases your willpower.
Jewellery
 o - a ring of protection from fire (left hand)
 v - a ring of magical power (right hand)
Wands
 t - a wand of mindburst (4)
Scrolls
 e - 4 scrolls of identify
 f - a scroll of amnesia
 g - 2 scrolls of magic mapping
 h - 6 scrolls of teleportation
Potions
 p - a potion of flight
 s - a potion of invisibility


   Skills:
 + Level 7.4 Fighting
 - Level 8.0(8.2) Axes
 - Level 2.0(5.4) Maces & Flails
 + Level 8.2 Armour
 - Level 2.6 Shields


You had 8 spell levels left.
You didn't know any spells.
Your spell library contained the following spells:

 Spells                   Type           Power      Damage    Failure   Level
 Magic Dart               Conj           0%         1d3       95%         1
 Necrotise                Necr           0%         1d4       95%         1
 Poisonous Vapours        Pois/Air       0%         N/A       98%         2
 Searing Ray              Conj           0%         2d4       98%         2
 Static Discharge         Conj/Air       0%         3-3/arc   98%         2
 Gell's Gravitas          Tloc           0%         N/A       100%        3
 Lesser Beckoning         Tloc           0%         N/A       100%        3
 Summon Guardian Golem    Hex/Summ       0%         N/A       100%        3
 Teleport Other           Tloc           0%         N/A       100%        3
 Vampiric Draining        Necr           0%         2d6       100%        3
 Dispel Undead            Necr           0%         3d6       100%        4
 Fulminant Prism          Conj/Hex       0%         3d6       100%        4
 Sticky Flame             Conj/Fire      0%         2d3       100%        4
 Agony                    Necr           0%         N/A       100%        5
 Summon Forest            Summ/Tloc      0%         N/A       100%        5


Dungeon Overview and Level Annotations

Branches:
Dungeon (8/15)             Temple (0/1) D:7
   Lair: D:8-11

Altars:
Hepliaklqana

Shops:
D:7 ?


Innate Abilities, Weirdness & Mutations

Your life essence is reduced to manifest your ancestor. (-10% HP)
You are completely covered in rugged brown scales. (AC +3, +7% HP)
You have supernaturally acute eyesight. (SInv)
Armour fits poorly on your strangely shaped body.
You can roll at nearby foes to attack.
You have a long armoured tail.
You curl defensively after being hit. (AC +7*)


Message History

You slash the ogre!
You feel better.
You kill the ogre!
You hit the orc but do no damage. You block the orc's attack.
You barely miss the orc.
Lucky casts a spell at the orc.
The orc struggles to resist.
The orc hits you with a +0 club.
* * * LOW HITPOINT WARNING * * *
You closely miss the orc.
You tail-slap the orc, but do no damage.
The orc hits you but does no damage.
You closely miss the orc.
Lucky points at the orc and mumbles some strange words.
The orc seems to slow down.
You block the orc's attack.
Unknown command.
You barely miss the orc. You slash the orc!
You feel better.
You kill the orc!
Things that are here:
a +0 club; a +0 ring mail; a +0 giant club You barely miss the orc warrior.
The orc warrior hits you with a +0 hand axe!
* * * LOW HITPOINT WARNING * * *
An orc comes into view. It is wielding a +0 club.
The orc shouts!
You hit the orc warrior but do no damage.
The orc warrior hits you but does no damage.
You hit the orc warrior but do no damage.
The orc warrior hits you with a +0 hand axe!
* * * LOW HITPOINT WARNING * * *
You hit the orc warrior but do no damage.
The orc warrior barely misses you.
You hit the orc warrior but do no damage.
The orc warrior hits you with a +0 hand axe.
* * * LOW HITPOINT WARNING * * *
Okay, then.
Okay, then.
You slash the orc warrior!
The orc warrior is heavily wounded.
The orc warrior hits you with a +0 hand axe!
You die...

.. ######.#
.. ...##.#
.####.##.#
..#....<#
#.#.)##.#
#.#))##.#
#.#.R##.#
#R#..##+###
#@#........
#o#........
#o#.......)
#oo..##+#..
##o#.# .
.o### o.o#


oo.o# ..o.o# You could see the friendly Lucky the hexer, an orc warrior (ally
target) and 7 orcs.

Vanquished Creatures
  Prince Ribbit (D:6)
  Grinder (D:5)
  A wyvern (D:7)
  2 black bears (D:7)
  3 ice beasts
  2 orc warriors (D:8)
  A spectral hornet (D:7)
  3 ogres
  A centaur (D:6)
  A phantom (D:7)
  A kobold brigand (D:5)
  A bullfrog (D:7)
  A gnoll sergeant (D:6)
  A scorpion (D:4)
  6 wights
  3 orc priests
  Ijyb (D:3)
  4 iguanas
  An orc wizard (D:6)
  A killer bee zombie (D:7)
  A howler monkey zombie (D:7)
  Robin (D:2)
  8 gnolls
  7 adders
  A white imp (D:5)
  4 dart slugs
  16 orcs
  11 bats
  4 endoplasms
  3 giant cockroaches
  13 goblins
  6 hobgoblins
  3 jackals (D:3)
  13 kobolds
  5 quokkas
  7 ball pythons
  3 frilled lizards
  A rat (D:1)
143 creatures vanquished.

Vanquished Creatures (collateral kills)
  A black bear (D:6)
  An ogre (D:6)
  A phantom (D:7)
  A necrophage (D:7)
  A scorpion (D:7)
  4 wights
  A spectral centaur (D:7)
  A jelly (D:6)
  An adder (D:4)
  4 gnolls
  An ufetubus (D:4)
  3 worms
  A dart slug (D:2)
  7 orcs
  An endoplasm (D:4)
  A giant cockroach (D:3)
  3 goblins
  2 hobgoblins
  2 jackals (D:3)
  A kobold (D:5)
  A ball python (D:3)
  A frilled lizard (D:3)
  A rat (D:3)
41 creatures vanquished.

Vanquished Creatures (others)
  2 hexers
  6 fungi (D:5)
  A plant (D:1)
  4 toadstools (D:5)
  16 withered plants (D:7)
29 creatures vanquished.

Grand Total: 213 creatures vanquished

Notes
Turn   | Place    | Note
-------+----------+-------------------------------------------
     0 | D:1      | flyleaff the Palentonga Fighter began the quest for the
                  | Orb.
     0 | D:1      | Reached XP level 1. HP: 19/19 MP: 1/1
   221 | D:1      | Reached XP level 2. HP: 25/25 MP: 2/2
   757 | D:1      | Found a faded altar of an unknown god.
   760 | D:1      | Prayed at the altar of an unknown god.
   760 | D:1      | Became a worshipper of Hepliaklqana the Forgotten
   760 | D:1      | Reached * piety under Hepliaklqana
   827 | D:1      | Reached XP level 3. HP: 28/28 MP: 3/3
  1076 | D:2      | Noticed Robin
  1089 | D:2      | Killed Robin
  1437 | D:2      | Reached XP level 4. HP: 33/33 MP: 4/4
  1841 | D:3      | Identified the +1 chain mail of Efiomun {Harm rF++ Will-
                  | Str+3}
  2105 | D:3      | Reached XP level 5. HP: 23/39 MP: 5/5
  2243 | D:3      | Reached ** piety under Hepliaklqana
  2248 | D:3      | Remembered your ancestor Lucky as a hexer
  2324 | D:3      | Noticed Ijyb
  2352 | D:3      | Killed Ijyb
  2353 | D:3      | Reached skill level 5 in Armour
  3051 | D:4      | Got the Atlas of the Welkin and the Swarm
  3171 | D:4      | Reached XP level 6. HP: 45/45 MP: 6/6
  3856 | D:4      | Identified a scroll of acquirement
  3856 | D:4      | Acquired a +6 vampiric hand axe
  3922 | D:5      | Entered Level 5 of the Dungeon
  4010 | D:5      | HP: 2/45 [ogre/+0 giant spiked club (9)]
  4012 | D:5      | Gained mutation: You curl defensively after being hit. (AC
                  | +7*) [Palentonga growth]
  4012 | D:5      | Reached XP level 7. HP: 3/50 MP: 7/7
  4555 | D:5      | Noticed Grinder
  4560 | D:5      | Killed Grinder
  4600 | D:5      | Reached skill level 5 in Axes
  5069 | D:6      | Reached XP level 8. HP: 44/57 MP: 8/8
  5152 | D:6      | Reached *** piety under Hepliaklqana
  5378 | D:6      | Noticed Prince Ribbit
  5390 | D:6      | Killed Prince Ribbit
  5808 | D:7      | Found a staircase to the Ecumenical Temple.
  5820 | D:7      | Found Qiamp's Magic Scroll Emporium.
  5829 | D:7      | Bought a scroll of identify for 22 gold pieces
  5829 | D:7      | Bought a scroll of torment for 104 gold pieces
  5829 | D:7      | Bought a scroll of vulnerability for 44 gold pieces
  5829 | D:7      | Bought a scroll of summoning for 104 gold pieces
  5829 | D:7      | Bought 3 scrolls of identify for 66 gold pieces
  5829 | D:7      | Bought a scroll of poison for 44 gold pieces
  5829 | D:7      | Bought a scroll of teleportation for 33 gold pieces
  5829 | D:7      | Bought a scroll of enchant armour for 82 gold pieces
  6050 | D:7      | Reached skill level 5 in Fighting
  6050 | D:7      | Reached XP level 9. HP: 65/65 MP: 9/9
  6219 | D:7      | Found the +4 dagger "Morg" {pain, Will+ Int+5}
  6372 | D:7      | HP: 3/62 [wight/+0 hand axe (3)]
  7370 | D:8      | Slain by an orc warrior

Illustrated notes

Levels and vault maps discovered:
D:1:      saegor_arrival_miasma, layout_loops_corners,
          shapermc_ecumenical_altar_mp_urbaneastern
D:2:      layout_loops_cross, uniq_robin
D:3:      layout_basic, minmay_circle_x, uniq_ijyb
D:4:      layout_cave_pods
D:5:      layout_basic, minmay_gold_behind_fungi, minmay_misc_feat_enclosed,
          uniq_grinder
D:6:      layout_basic, dreamdust_princess_bridge, minmay_holes,
          uniq_prince_ribbit1
D:7:      layout_basic, temple_fountains, serial_shops, shop,
          dilly_guarded_unrand_morg
D:8:      layout_basic, special_room [special_room_orc]

Skill      XL: |  1  2  3  4  5  6  7  8  9 |
---------------+----------------------------+-----
Armour         | 3 4 5 6 8 |  8.2
Axes           | 2 6 8 |  8.0
Fighting       | 5 7 |  7.4
Maces & Flails | |  2.0
Shields        | |  2.6

Action                   |  1- 3 |  4- 6 |  7- 9 || total
-------------------------+-------+-------+-------++-------
Melee: Flail             |   100 |   148 |       ||   248
       Tailslap          |    13 |    18 |    19 ||    50
       Hand axe          |       |     8 |   151 ||   159
Throw: Dart              |       |       |     8 ||     8
Invok: Ancestor Identity |     1 |       |       ||     1
       Ancestor Life: He |       |     1 |       ||     1
       Recall Ancestor   |       |       |     4 ||     4
 Abil: Rolling Charge    |       |     2 |    12 ||    14
Evoke: Wand              |       |     1 |     4 ||     5
  Use: Potion            |     1 |     2 |     3 ||     6
       Scroll            |       |     5 |    10 ||    15
 Stab: Confused          |       |       |     3 ||     3
       Distracted        |       |       |     1 ||     1
Armor: Scale mail        |    49 |    15 |       ||    64
       Chain mail        |       |   126 |    85 ||   211
Dodge: Dodged            |    49 |    58 |    38 ||   145
Block: Buckler           |    14 |    26 |    18 ||    58

Table legend: (Time is in decaauts)
 A = Elapsed time spent in this place.
 B = Non-inter-level travel time spent in this place.
 C = Inter-level travel time spent in this place.
 D = Time resting spent in this place.
 E = Time spent auto-exploring this place.
 F = Levels seen in this place.
 G = Mean time per level.
                   A        B        C        D        E       F      G
               +--------+--------+--------+--------+--------+-----+--------+
         Total |   7441 |   7259 |    182 |      0 |   6154 |   8 |  930.1 |
       Dungeon |   7441 |   7259 |    182 |      0 |   6154 |   8 |  930.1 |
               +--------+--------+--------+--------+--------+-----+--------+

Top non-repeatable levels by time:
     D:7: 1564 daAuts
     D:3: 1148 daAuts
     D:5: 1112 daAuts
     D:4: 1009 daAuts
     D:1: 965 daAuts
     D:2: 879 daAuts
     D:6: 694 daAuts
     D:8: 68 daAuts
